 Dungeon Crawl Stone Soup version 0.20.0-7-g3b7b877 (webtiles) character file.

1997 Jannitor the Slicer (level 9, -1/81 HPs)
             Began as a Kobold Berserker on May 29, 2017.
             Was a Priest of Trog.
             Slain by a wight
             ... wielding a cursed +4 long sword
              (4 damage)
             ... on level 6 of the Dungeon.
             The game lasted 00:16:42 (6244 turns).

Jannitor the Slicer (Kobold Berserker)              Turns: 6244, Time: 00:16:44

Health: -1/81      AC:  8    Str: 21    XL:     9   Next: 45%
Magic:  9/9        EV: 17    Int:  8    God:    Trog [***...]
Gold:   161        SH:  0    Dex: 16    Spells: 8/8 levels left

rFire    + . .     SeeInvis +   a - +0 short sword
rCold    + . .     Gourm    .   (shield restricted)
rNeg     . . .     Faith    .   v - +2 robe {rC+ rF+}
rPois    .         Spirit   .   x - +2 helmet {SInv}
rElec    +         Reflect  .   p - +0 cloak
rCorr    .         Harm     .   (no gloves)
MR       +++..     Clarity  +   (no boots)
Stlth    ..........             (no amulet)
Regen    1.3/turn               d - ring of protection from magic
MPRegen  0.2/turn               (no ring)

@: mighty, berserking, regenerating, drained, very quick
A: carnivore 3, clarity, electricity resistance
a: Berserk, Trog's Hand, Burn Spellbooks, Renounce Religion


You were on level 6 of the Dungeon.
You worshipped Trog.
Trog was most pleased with you.
You were full.

You visited 2 branches of the dungeon, and saw 7 of its levels.

You collected 407 gold pieces.
You spent 246 gold pieces at shops.

Inventory:

Hand Weapons
 a - a +0 short sword (weapon)
 m - a +0 hand crossbow
 w - a +0 arbalest
Missiles
 k - 35 poisoned needles
Armour
 b - a +0 animal skin
 p - a +0 cloak (worn)
 v - a +2 robe of resistance (worn)
 x - a +2 helmet of see invisible (worn)
Jewellery
 d - a ring of protection from magic (left hand)
Wands
 A - a wand of iceblast (6/15)
Scrolls
 f - 2 scrolls of teleportation
 g - 5 scrolls of identify
 h - 2 scrolls of fear {unknown}
 i - a scroll of enchant weapon {unknown}
 j - a scroll of recharging {unknown}
 n - 2 scrolls of amnesia {unknown}
 s - 2 scrolls of enchant armour {unknown}
 y - a scroll of magic mapping {unknown}
Potions
 e - a potion of flight
 l - a potion of agility
 u - a potion of heal wounds {unknown}
 z - a potion of curing
 B - a potion of berserk rage {unknown}
 C - a potion of brilliance {unknown}
Comestibles
 c - a meat ration
 r - 3 royal jellies


   Skills:
 + Level 5.5(4.5) Fighting
 - Level 12.1(10.9) Short Blades
 - Level 1.5(0.7) Armour
 + Level 5.2(4.2) Dodging
 * Level 7.0(6.0) Stealth


You had 8 spell levels left.
You didn't know any spells.

Dungeon Overview and Level Annotations

Branches:
Dungeon (6/15)             Temple (1/1) D:4

Altars:
Ashenzari
Cheibriados
Dithmenos
Elyvilon
Fedhas
Gozag
Hepliaklqana
Makhleb
Okawaru
Qazlal
Ru
Sif Muna
Trog
Uskayaw
Vehumet
Xom
Yredelemnul
Zin
The Shining One
Jiyva

Shops:
D:4 [   D:5 }

Annotations:
D:6 Grinder


Innate Abilities, Weirdness & Mutations

You are small and have problems with some larger weapons.
You are carnivorous and can eat meat at any time.
You possess an exceptional clarity of mind.
You are resistant to electric shocks. (rElec)


Message History

Press: ? - help, v - describe, . - travel
Here: a wight, wielding an enchanted long sword and wearing a robe The floor.
Unknown command.
Unknown command.
It was a potion of might.
You feel very mighty all of a sudden.
Grinder says, "At least Makhleb appreciates what I'm doing."
The wight hits you with an enchanted long sword!
* * * LOW HITPOINT WARNING * * *
You feel drained.
* * * LOW HITPOINT WARNING * * *
A red film seems to cover your vision as you go berserk!
You feel yourself moving faster!
You feel mighty!
You feel a lot less full. Grinder hits you.
* * * LOW HITPOINT WARNING * * *
You writhe in agony.
* * * LOW HITPOINT WARNING * * *
The wight hits you with an enchanted long sword.
You die...

....#.....#.z....#####
..................######
........................
....................z...
##...5....#..##.#.######
.##.######.#..##.#.# #.#.
........##.#..##.#.###...
.##.....##.#..####.#....#
.......5@z...............
#############.####.#.####
# #.#.# #.#.# #.#.#
#.#.#### #.#.....
#....... ###.####


You could see Grinder and a wight.

Vanquished Creatures
  The ghost of Nightblair the Cleaver, a novice HOFi (D:6)
  Edmund (D:6)
  An orc warrior (D:6)
  2 phantoms (D:5)
  2 ogres
  A bullfrog (D:6)
  2 scorpions
  A howler monkey (D:4)
  A crimson imp (D:5)
  The ghost of striepan the Conjurer, a weakling DEFE (D:3)
  2 hounds
  3 orc wizards
  3 orc priests
  Crazy Yiuf (D:2)
  6 worker ants
  3 gnolls (D:6)
  7 adders
  2 oozes
  An adder skeleton (D:6)
  A worm (D:6)
  2 dart slugs
  4 leopard geckos
  20 orcs
  A ball python (D:1)
  2 giant cockroaches
  4 goblins
  6 hobgoblins
  6 kobolds
  A quokka (D:2)
  10 bats
  A frilled lizard (D:3)
  A jackal skeleton (D:4)
  A leopard gecko skeleton (D:5)
  2 quokka skeletons (D:4)
  8 rats
111 creatures vanquished.

Notes
Turn   | Place    | Note
-------+----------+-------------------------------------------
     0 | D:1      | Jannitor the Kobold Berserker began the quest for the Orb.
     0 | D:1      | Reached XP level 1. HP: 14/14 MP: 1/1
    91 | D:1      | Reached XP level 2. HP: 14/19 MP: 2/2
   723 | D:1      | Reached skill level 5 in Short Blades
  1120 | D:1      | Reached XP level 3. HP: 17/23 MP: 3/3
  1557 | D:2      | Found a hazy altar of Hepliaklqana.
  1642 | D:2      | Reached skill level 6 in Short Blades
  1650 | D:2      | Found a runed door.
  1817 | D:2      | Reached XP level 4. HP: 28/28 MP: 4/4
  1970 | D:2      | Noticed Crazy Yiuf
  1978 | D:2      | Killed Crazy Yiuf
  2071 | D:3      | Reached ** piety under Trog
  2156 | D:3      | Found a glowing golden altar of the Shining One.
  2286 | D:3      | Reached skill level 7 in Short Blades
  2286 | D:3      | Reached XP level 5. HP: 32/32 MP: 5/5
  2510 | D:3      | Noticed striepan's ghost (weakling DEFE)
  2518 | D:3      | Killed striepan's ghost
  2518 | D:3      | Reached skill level 8 in Short Blades
  2548 | D:3      | Found a bloodstained altar of Trog.
  2638 | D:3      | Reached XP level 6. HP: 37/37 MP: 6/6
  2706 | D:3      | Found a deep blue altar of Sif Muna.
  2897 | D:4      | Noticed a phantom
  2978 | D:4      | Found a staircase to the Ecumenical Temple.
  3044 | Temple   | Entered the Ecumenical Temple
  3118 | D:4      | Found Ciot's Antique Armour Emporium.
  3139 | D:4      | Reached skill level 9 in Short Blades
  3165 | D:4      | Bought a runed robe for 81 gold pieces
  3262 | D:4      | Reached XP level 7. HP: 16/41 MP: 7/7
  3660 | D:4      | Reached skill level 10 in Short Blades
  3672 | D:4      | Reached *** piety under Trog
  3937 | D:4      | Found a glowing silver altar of Zin.
  4265 | D:4      | Found a shimmering altar of Xom.
  4800 | D:4      | Bought a runed helmet for 165 gold pieces
  4822 | D:5      | Entered Level 5 of the Dungeon
  4822 | D:5      | Found Nerod's Gadget Shoppe.
  4971 | D:5      | Reached skill level 11 in Short Blades
  5037 | D:5      | Found a burning altar of Makhleb.
  5038 | D:5      | Noticed a blizzard demon
  5062 | D:5      | Found a shattered altar of Ashenzari.
  5088 | D:5      | Reached XP level 8. HP: 46/46 MP: 8/8
  5330 | D:5      | Found a shattered altar of Ashenzari.
  5445 | D:5      | Reached skill level 12 in Short Blades
  5445 | D:5      | Reached skill level 1 in Stealth
  5585 | D:6      | Noticed a two-headed ogre
  5587 | D:6      | Noticed Grinder
  5596 | D:6      | Noticed a troll
  5935 | D:6      | Noticed Edmund
  5945 | D:6      | Found a hide-covered altar of Uskayaw.
  6112 | D:6      | Killed Edmund
  6112 | D:6      | Reached XP level 9. HP: 52/52 MP: 9/9
  6155 | D:6      | Noticed Nightblair's ghost (novice HOFi)
  6193 | D:6      | Killed Nightblair's ghost
  6193 | D:6      | Reached skill level 5 in Fighting
  6193 | D:6      | Reached skill level 5 in Dodging
  6242 | D:6      | Gained mutation: You possess an exceptional clarity of mind. [potion of mutation]
  6242 | D:6      | Gained mutation: You are robust. (+10% HP) [potion of mutation]
  6242 | D:6      | Lost mutation: You are robust. (+10% HP) [potion of mutation]
  6242 | D:6      | Gained mutation: You are resistant to electric shocks. (rElec) [potion of mutation]
  6244 | D:6      | HP: 3/81 [Grinder (6)]
  6244 | D:6      | Slain by a wight

Skill      XL: |  1  2  3  4  5  6  7  8  9 |
---------------+----------------------------+-----
Short Blades   | 5 6 7 8 9 11 12 | 12.1
Stealth        | 4 7 |  7.0
Dodging        | 4 5 |  5.2
Fighting       | 4 5 |  5.5
Armour         | |  1.5

Action                   |  1- 3 |  4- 6 |  7- 9 || total
-------------------------+-------+-------+-------++-------
Melee: Short sword       |   111 |   147 |   357 ||   615
Invok: Berserk           |     1 |     6 |    11 ||    18
       Trog's Hand       |       |       |     4 ||     4
  Use: Potion            |       |       |     6 ||     6
       Scroll            |       |       |     2 ||     2
 Stab: Sleeping          |     2 |       |       ||     2
  Eat: Chunk             |     9 |     8 |    15 ||    32
       Meat ration       |       |       |     1 ||     1
Armor: Animal skin       |    16 |    13 |       ||    29
       Robe              |       |     3 |    37 ||    40
Dodge: Dodged            |    83 |    96 |   172 ||   351
